 Dungeon Crawl Stone Soup version 0.23.2-30-g0e89c35649 (webtiles) character file.

Game seed: 14393878354599694279

193 Hivemind the Poker (level 5, 0/39 HPs)
             Began as a Merfolk Skald on June 7, 2019.
             Slain by an adder (3 damage)
             ... on level 3 of the Dungeon.
             The game lasted 00:23:43 (3526 turns).

Hivemind the Poker (Merfolk Skald)                  Turns: 3526, Time: 00:23:44

Health: 0/39       AC:  5    Str: 10    XL:     5   Next: 72%
Magic:  7/9        EV: 13    Int: 12    God:
Gold:   127        SH:  0    Dex: 14    Spells: 7/10 levels left

rFire    . . .     SeeInvis .   a - +0 spear
rCold    . . .     Gourm    .   (no shield)
rNeg     . . .     Faith    .   b - +0 leather armour
rPois    .         Spirit   .   (no helmet)
rElec    .         Reflect  .   j - +1 cloak
rCorr    .         Harm     .   (no gloves)
MR       +....                  (no boots)
Stlth    +.........             (no amulet)
HPRegen  0.13/turn              m - -2 ring of strength (curse)
MPRegen  0.11/turn              t - ring of protection from magic

@: infused
A: change form in water, swift swim, stealthy swim
a: no special abilities


You were on level 3 of the Dungeon.
You were very hungry.

You visited 1 branch of the dungeon, and saw 3 of its levels.

You collected 127 gold pieces.

Inventory:

Hand Weapons
 a - a +0 spear (weapon)
Missiles
 i - 76 stones (quivered)
Armour
 b - a +0 leather armour (worn)
 j - a +1 cloak (worn)
 n - a scarf of resistance
Jewellery
 m - a cursed -2 ring of strength (left hand)
 t - a ring of protection from magic (right hand)
Scrolls
 c - a scroll of remove curse {unknown}
 e - 2 scrolls of teleportation {unknown}
 f - a scroll of blinking {unknown}
 h - 7 scrolls of identify {unknown}
 p - a scroll of enchant weapon {unknown}
 q - a scroll of fear {unknown}
 r - a scroll of noise {unknown}
Potions
 g - a potion of flight {unknown}
 k - 3 potions of curing {unknown}
 l - a potion of heal wounds {unknown}
 o - a potion of ambrosia {unknown}
 s - a potion of mutation {unknown}
 v - a potion of resistance {unknown}
Comestibles
 d - 7 rations


   Skills:
 + Level 2.7 Fighting
 + Level 5.1 Polearms
 - Level 0.6 Armour
 + Level 3.3 Dodging
 + Level 3.2 Spellcasting
 + Level 4.5 Charms


You had 7 spell levels left.
You knew the following spells:

 Your Spells              Type           Power        Failure   Level  Hunger
a - Infusion              Chrm           ##..         5%          1    #......
b - Song of Slaying       Chrm           ##......     8%          2    ###....

Your spell library contained the following spells:

 Spells                   Type           Power        Failure   Level  Hunger
 Shroud of Golubria       Chrm/Tloc      #.........   21%         2    ###....
 Regeneration             Chrm/Necr      #.........   36%         3    ###....
 Spectral Weapon          Hex/Chrm       #.......     36%         3    ###....


Dungeon Overview and Level Annotations

Branches:
Dungeon (3/15)

Altars:
Cheibriados
Kikubaaqudgha


Message History

An adder comes into view.
Casting: Infusion (safe; 5% risk of failure)
Confirm with . or Enter, or press ? or * to list all spells.
You begin infusing your attacks with magical energy.
The adder hisses angrily.
You closely miss the adder.
The adder bites you but does no damage. x2
You barely miss the adder.
The gnoll throws a stone.
The stone hits you but does no damage. The adder closely misses you.
You hit the adder.
The adder is heavily wounded.
The gnoll throws a stone.
The stone hits you.
* * * LOW HITPOINT WARNING * * *
The adder misses you.
You miss the adder.
The adder is heavily wounded.
The adder bites you but does no damage.
The gnoll throws a stone.
The stone hits you but does no damage. The adder barely misses you. x2
The adder bites you.
You die...

##....# #..#.# #.........#
#####.# #..#.# #.#######.# ..#
#.# #..#.# #.# #.# ..# #.####'#.#
#<# #.# ..# #..# #...# #<# #.#
..# ##.###..## ### #.#
..####..##.###################.##
..'......>....(S.................
..#####.#g......@..............#.
..# #...#.####################.
..# ##..#.# #..g..gg... ..#
#..#.# #.######### ### ##.#.# #.#
#...# #g# #...# #.# #########...#
#g# #.......W...# #.#


You could see a gnoll and an adder.

Vanquished Creatures
  Terence (D:2)
  Natasha (D:3)
  3 adders
  3 gnolls
  2 oozes (D:1)
  4 worms
  2 dart slugs
  A leopard gecko (D:2)
  2 orcs
  2 giant cockroaches
  4 goblins
  9 hobgoblins
  2 jackals (D:1)
  6 bats
  7 frilled lizards
  9 kobolds
  11 rats
69 creatures vanquished.

Vanquished Creatures (others)
  5 toadstools (D:1)
5 creatures vanquished.

Grand Total: 74 creatures vanquished

Notes
Turn   | Place    | Note
-------+----------+-------------------------------------------
     0 | D:1      | Hivemind the Merfolk Skald began the quest for the Orb.
     0 | D:1      | Reached XP level 1. HP: 16/16 MP: 3/3
   256 | D:1      | Reached XP level 2. HP: 21/22 MP: 0/5
   481 | D:1      | Reached XP level 3. HP: 24/27 MP: 2/6
   818 | D:2      | Found an ancient bone altar of Kikubaaqudgha.
   818 | D:2      | Noticed Terence
   852 | D:2      | Reached skill level 4 in Polearms
  1044 | D:2      | Found a snail-covered altar of Cheibriados.
  1081 | D:2      | Reached XP level 4. HP: 32/33 MP: 0/8
  1351 | D:2      | Killed Terence
  1526 | D:2      | Learned a level 2 spell: Song of Slaying
  2342 | D:3      | Reached XP level 5. HP: 39/39 MP: 9/9
  2413 | D:3      | Noticed a phantom
  2850 | D:3      | Noticed Natasha
  2859 | D:3      | Killed Natasha
  2859 | D:3      | Reached skill level 5 in Polearms
  3526 | D:3      | Slain by an adder

Skill      XL: |  1  2  3  4  5 |
---------------+----------------+-----
Polearms       | 4 5 |  5.1
Charms         | 4 |  4.5
Spellcasting   | 3 |  3.2
Dodging        | 3 |  3.3
Fighting       | |  2.7
Armour         | |  0.6

Action                   |  1- 3 |  4- 6 || total
-------------------------+-------+-------++-------
Melee: Spear             |   106 |   165 ||   271
 Cast: Infusion          |    11 |    15 ||    26
       Song of Slaying   |       |     3 ||     3
  Eat: Chunk             |     1 |     7 ||     8
Armor: Leather armour    |    14 |    26 ||    40
Dodge: Dodged            |    41 |    82 ||   123
